[ PARTIDA AOE2 · #470076431 ]
Team RMEspañoles vs Hindustanis
[ ANÁLISIS DE REPETICIÓN · EXTRAÍDO DE LA PARTIDA GRABADA ]
Feudal
13:37
Castillos
19:30
Imperial
35:14
| APM promedio | 24.6 |
| APM pico | 49 |
| eAPM promedio | 17.2 |
| Aldeanos / militares | 254 / 623 |
Foco
⚔️ 32.6% · 🌾 67.4%
Spearman ×344 · Knight ×136 · Scout Cavalry ×45 · Cannon Galleon ×43 · Conquistador ×34 · Trade Cog ×19
Feudal
12:59
Castillos
24:02
Imperial
38:07
| APM promedio | 31.9 |
| APM pico | 137 |
| eAPM promedio | 19.6 |
| Aldeanos / militares | 237 / 339 |
Foco
⚔️ 31.4% · 🌾 68.6%
Fire Lancer ×137 · Spearman ×62 · Trade Cart ×57 · Cavalry Archer ×41 · Scout Cavalry ×37 · Battle Elephant ×30
Feudal
13:17
Castillos
19:15
Imperial
35:18
| APM promedio | 20.4 |
| APM pico | 104 |
| eAPM promedio | 13.5 |
| Aldeanos / militares | 120 / 53 |
Foco
⚔️ 25.6% · 🌾 74.4%
Unknown (1949) ×134 · Unknown (1944) ×120 · Scout Cavalry ×45 · Unknown (1952) ×41 · Trade Cart ×19 · Fishing Ship ×7
Feudal
11:21
Castillos
16:09
Imperial
32:12
| APM promedio | 34.3 |
| APM pico | 90 |
| eAPM promedio | 24.3 |
| Aldeanos / militares | 199 / 742 |
Foco
⚔️ 55.3% · 🌾 44.7%
Ghulam ×386 · Scout Cavalry ×353 · Trade Cart ×27 · Trebuchet (Packed) ×3
Mapa de la partida
Recursos al inicio + cada clic de construcción. Línea gruesa = muro · recuadro discontinuo = muro de casas detectado. 🟡 oro · ⚪ piedra · 🟢 bayas · 🔶 jabalí · ⭕ reliquia
Inputs por minuto
— lovestosplooge - - Bart Harley Jarvis
Build order — lovestosplooge
Primeras 150 de 766 acciones detectadas
| 0:01 | Crear | Villager (Male) |
| 0:01 | Crear | Villager (Male) |
| 0:02 | Crear | Villager (Male) |
| 0:03 | Investigar | Loom |
| 0:04 | Crear | Villager (Male) |
| 0:04 | Crear | Villager (Male) |
| 0:11 | Construir | House |
| 0:13 | Construir | House |
| 1:19 | Construir | Dock |
| 1:59 | Crear | Villager (Male) |
| 1:59 | Crear | Villager (Male) |
| 2:22 | Crear | Villager (Male) |
| 2:23 | Crear | Villager (Male) |
| 2:57 | Crear | Villager (Male) |
| 2:57 | Crear | Villager (Male) |
| 3:28 | Crear | Villager (Male) |
| 3:28 | Crear | Villager (Male) |
| 3:56 | Crear | Villager (Male) |
| 3:57 | Crear | Villager (Male) |
| 4:05 | Construir | House |
| 4:16 | Crear | Villager (Male) |
| 4:16 | Crear | Villager (Male) |
| 4:41 | Crear | Villager (Male) |
| 4:41 | Crear | Villager (Male) |
| 4:48 | Crear | Fishing Ship |
| 5:06 | Crear | Villager (Male) |
| 5:06 | Crear | Villager (Male) |
| 5:17 | Crear | Villager (Male) |
| 5:18 | Crear | Villager (Male) |
| 5:21 | Construir | House |
| 5:52 | Crear | Villager (Male) |
| 5:54 | Crear | Fishing Ship |
| 6:08 | Crear | Villager (Male) |
| 6:36 | Crear | Villager (Male) |
| 6:36 | Crear | Villager (Male) |
| 6:47 | Construir | Lumber Camp |
| 6:56 | Crear | Villager (Male) |
| 7:21 | Construir | Mining Camp |
| 7:49 | Construir | House |
| 7:53 | Crear | Villager (Male) |
| 7:54 | Crear | Villager (Male) |
| 8:19 | Crear | Fishing Ship |
| 8:35 | Crear | Villager (Male) |
| 8:35 | Crear | Villager (Male) |
| 8:48 | Construir | House |
| 8:49 | Crear | Villager (Male) |
| 8:50 | Crear | Villager (Male) |
| 8:53 | Crear | Fishing Ship |
| 9:24 | Construir | House |
| 9:28 | Crear | Fishing Ship |
| 10:02 | Construir | Mill |
| 10:37 | Crear | Villager (Male) |
| 10:38 | Crear | Villager (Male) |
| 11:01 | Crear | Fishing Ship |
| 11:15 | Construir | Dock |
| 11:20 | Investigar | Feudal Age |
| 12:08 | Crear | Fishing Ship |
| 12:46 | Crear | Fishing Ship |
| 12:52 | Construir | House |
| 13:30 | Construir | Barracks |
| 13:37 | Edad | Edad Feudal |
| 13:39 | Investigar | Wheelbarrow |
| 13:41 | Investigar | Double-Bit Axe |
| 14:09 | Construir | Market |
| 14:29 | Crear | Villager (Male) |
| 14:30 | Crear | Villager (Male) |
| 15:00 | Investigar | Tech 906 |
| 15:04 | Investigar | Gold Mining |
| 15:27 | Construir | Mining Camp |
| 15:37 | Crear | Villager (Male) |
| 16:05 | Construir | Blacksmith |
| 16:16 | Crear | Villager (Male) |
| 16:16 | Crear | Villager (Male) |
| 16:20 | Investigar | Stone Mining |
| 16:50 | Investigar | Castle Age |
| 16:56 | Construir | House |
| 16:58 | Construir | House |
| 16:59 | Construir | House |
| 17:03 | Investigar | Fletching |
| 17:03 | Investigar | Padded Archer Armor |
| 18:32 | Crear | Galley |
| 18:34 | Crear | Transport Ship |
| 18:57 | Construir | Stable |
| 19:03 | Construir | Stable |
| 19:22 | Investigar | Scale Barding Armor |
| 19:23 | Investigar | Forging |
| 19:30 | Edad | Edad de los Castillos |
| 19:34 | Construir | Town Center |
| 19:36 | Investigar | Hand Cart |
| 19:50 | Construir | Monastery |
| 19:54 | Crear | Knight |
| 19:54 | Crear | Knight |
| 19:55 | Crear | Knight |
| 19:55 | Crear | Knight |
| 20:08 | Crear | Villager (Male) |
| 20:09 | Crear | Villager (Male) |
| 20:33 | Crear | Knight |
| 20:33 | Crear | Knight |
| 20:49 | Crear | Villager (Male) |
| 20:49 | Crear | Villager (Male) |
| 21:00 | Construir | Farm |
| 21:19 | Crear | Missionary |
| 21:32 | Crear | Villager (Male) |
| 21:32 | Crear | Villager (Male) |
| 21:32 | Crear | Villager (Male) |
| 21:32 | Crear | Villager (Male) |
| 22:09 | Construir | Farm |
| 22:09 | Construir | Farm |
| 22:10 | Construir | Farm |
| 22:14 | Construir | Farm |
| 22:56 | Construir | Castle |
| 23:08 | Investigar | Husbandry |
| 23:17 | Crear | Villager (Male) |
| 23:18 | Crear | Villager (Male) |
| 23:28 | Crear | Villager (Male) |
| 23:42 | Construir | Farm |
| 23:42 | Construir | Farm |
| 23:43 | Construir | Farm |
| 23:43 | Construir | Farm |
| 23:49 | Construir | Farm |
| 23:54 | Investigar | Horse Collar |
| 24:13 | Crear | Conquistador |
| 24:14 | Crear | Conquistador |
| 24:20 | Construir | Town Center |
| 25:12 | Crear | Conquistador |
| 25:13 | Crear | Conquistador |
| 25:13 | Crear | Conquistador |
| 25:13 | Crear | Conquistador |
| 25:13 | Crear | Conquistador |
| 25:55 | Crear | Villager (Male) |
| 25:55 | Crear | Villager (Male) |
| 25:55 | Crear | Villager (Male) |
| 25:55 | Crear | Villager (Male) |
| 26:10 | Crear | Conquistador |
| 26:10 | Crear | Conquistador |
| 26:20 | Construir | Siege Workshop |
| 26:43 | Construir | Fish Trap |
| 26:45 | Construir | Fish Trap |
| 26:45 | Construir | Fish Trap |
| 26:45 | Construir | Fish Trap |
| 26:46 | Construir | Fish Trap |
| 26:46 | Construir | Fish Trap |
| 26:56 | Crear | Villager (Male) |
| 26:57 | Crear | Villager (Male) |
| 26:57 | Crear | Villager (Male) |
| 26:57 | Crear | Villager (Male) |
| 26:58 | Crear | Villager (Male) |
| 26:58 | Crear | Villager (Male) |
| 27:08 | Construir | Siege Workshop |
| 27:34 | Construir | Siege Workshop |
Build order — Bart Harley Jarvis
Primeras 150 de 808 acciones detectadas
| 0:01 | Crear | Villager (Male) |
| 0:01 | Crear | Villager (Male) |
| 0:03 | Construir | House |
| 0:04 | Construir | House |
| 0:17 | Crear | Villager (Male) |
| 0:17 | Crear | Villager (Male) |
| 1:34 | Crear | Villager (Male) |
| 1:34 | Crear | Villager (Male) |
| 1:46 | Construir | Lumber Camp |
| 2:08 | Crear | Villager (Male) |
| 2:08 | Crear | Villager (Male) |
| 2:13 | Investigar | Loom |
| 2:14 | Crear | Villager (Male) |
| 2:14 | Crear | Villager (Male) |
| 2:19 | Investigar | Loom |
| 3:22 | Crear | Villager (Male) |
| 3:23 | Crear | Villager (Male) |
| 3:42 | Crear | Villager (Male) |
| 3:42 | Crear | Villager (Male) |
| 4:01 | Crear | Villager (Male) |
| 4:01 | Crear | Villager (Male) |
| 4:01 | Crear | Villager (Male) |
| 4:02 | Crear | Villager (Male) |
| 4:23 | Construir | House |
| 4:53 | Crear | Villager (Male) |
| 4:54 | Crear | Villager (Male) |
| 5:45 | Crear | Villager (Male) |
| 5:46 | Crear | Villager (Male) |
| 5:53 | Construir | House |
| 6:28 | Crear | Villager (Male) |
| 6:28 | Crear | Villager (Male) |
| 7:28 | Crear | Villager (Male) |
| 7:34 | Construir | Palisade Gate |
| 7:36 | Construir | Palisade Wall |
| 7:39 | Construir | Palisade Wall |
| 7:50 | Crear | Villager (Male) |
| 8:03 | Construir | House |
| 8:05 | Construir | House |
| 8:19 | Construir | Dock |
| 8:27 | Crear | Villager (Male) |
| 8:28 | Crear | Villager (Male) |
| 8:28 | Crear | Villager (Male) |
| 8:48 | Construir | Palisade Gate |
| 8:50 | Construir | Palisade Wall |
| 8:52 | Construir | Palisade Gate |
| 8:53 | Construir | Palisade Wall |
| 9:08 | Crear | Villager (Male) |
| 9:08 | Crear | Villager (Male) |
| 9:10 | Crear | Fishing Ship |
| 9:10 | Crear | Fishing Ship |
| 9:41 | Construir | Lumber Camp |
| 9:50 | Construir | House |
| 10:06 | Crear | Villager (Male) |
| 10:11 | Construir | Mining Camp |
| 10:13 | Crear | Fishing Ship |
| 10:38 | Construir | Mill |
| 10:49 | Investigar | Feudal Age |
| 10:49 | Crear | Fishing Ship |
| 11:39 | Crear | Villager (Male) |
| 11:40 | Crear | Villager (Male) |
| 11:46 | Construir | Dock |
| 12:59 | Edad | Edad Feudal |
| 13:00 | Investigar | Double-Bit Axe |
| 13:02 | Investigar | Gold Mining |
| 13:05 | Crear | Galley |
| 13:05 | Crear | Galley |
| 13:06 | Crear | Villager (Male) |
| 13:20 | Construir | Building 800 |
| 13:29 | Construir | Dock |
| 13:33 | Crear | Galley |
| 13:34 | Crear | Galley |
| 13:57 | Crear | Villager (Male) |
| 13:57 | Crear | Villager (Male) |
| 14:01 | Crear | Villager (Male) |
| 14:09 | Crear | Galley |
| 14:10 | Crear | Galley |
| 14:48 | Crear | Galley |
| 14:48 | Crear | Galley |
| 15:14 | Crear | Galley |
| 15:14 | Crear | Galley |
| 15:17 | Construir | House |
| 15:17 | Construir | House |
| 15:19 | Construir | House |
| 15:20 | Construir | House |
| 15:29 | Investigar | Wheelbarrow |
| 15:35 | Crear | Galley |
| 15:35 | Crear | Galley |
| 15:39 | Crear | Villager (Male) |
| 15:39 | Crear | Villager (Male) |
| 15:56 | Construir | Farm |
| 15:57 | Construir | Farm |
| 15:58 | Construir | Farm |
| 16:10 | Crear | Galley |
| 16:10 | Crear | Galley |
| 16:10 | Crear | Galley |
| 16:47 | Crear | Villager (Male) |
| 16:48 | Crear | Villager (Male) |
| 16:51 | Crear | Galley |
| 16:52 | Crear | Galley |
| 17:06 | Construir | House |
| 17:07 | Construir | House |
| 17:08 | Crear | Villager (Male) |
| 17:13 | Construir | Farm |
| 17:13 | Construir | Farm |
| 17:14 | Construir | Farm |
| 17:14 | Construir | Farm |
| 17:25 | Crear | Villager (Male) |
| 17:26 | Crear | Villager (Male) |
| 17:26 | Crear | Villager (Male) |
| 17:45 | Construir | Blacksmith |
| 18:28 | Investigar | Fletching |
| 18:29 | Crear | Villager (Male) |
| 18:29 | Crear | Villager (Male) |
| 18:32 | Construir | Farm |
| 18:36 | Crear | Villager (Male) |
| 18:39 | Construir | Mill |
| 19:14 | Crear | Galley |
| 19:14 | Crear | Galley |
| 19:14 | Crear | Galley |
| 19:15 | Crear | Galley |
| 19:17 | Crear | Villager (Male) |
| 19:17 | Crear | Villager (Male) |
| 19:27 | Construir | Building 487 |
| 19:31 | Construir | Stone Wall |
| 19:33 | Construir | Stone Wall |
| 19:35 | Crear | Villager (Male) |
| 19:35 | Crear | Villager (Male) |
| 19:51 | Construir | Building 665 |
| 19:55 | Construir | Stone Wall |
| 20:15 | Crear | Villager (Male) |
| 20:16 | Crear | Villager (Male) |
| 20:23 | Crear | Villager (Male) |
| 20:44 | Construir | Market |
| 21:22 | Investigar | Castle Age |
| 21:23 | Crear | Villager (Male) |
| 21:23 | Crear | Villager (Male) |
| 21:28 | Construir | Building 487 |
| 21:35 | Construir | Stone Wall |
| 21:40 | Construir | Building 487 |
| 21:42 | Construir | Stone Wall |
| 21:45 | Construir | Building 487 |
| 21:57 | Construir | Mining Camp |
| 22:00 | Investigar | Stone Mining |
| 22:01 | Investigar | Horse Collar |
| 23:08 | Construir | Dock |
| 23:27 | Construir | Barracks |
| 23:57 | Investigar | Padded Archer Armor |
| 24:00 | Construir | Archery Range |
| 24:02 | Construir | Archery Range |
| 24:02 | Edad | Edad de los Castillos |
Build order — Inmortal97
Primeras 150 de 509 acciones detectadas
| 0:01 | Crear | Villager (Male) |
| 0:01 | Crear | Villager (Male) |
| 0:02 | Construir | House |
| 0:04 | Construir | House |
| 0:27 | Crear | Villager (Male) |
| 0:28 | Crear | Villager (Male) |
| 0:28 | Crear | Villager (Male) |
| 0:28 | Crear | Villager (Male) |
| 1:27 | Crear | Villager (Male) |
| 1:28 | Crear | Villager (Male) |
| 1:45 | Construir | Lumber Camp |
| 2:04 | Crear | Villager (Male) |
| 2:22 | Crear | Villager (Male) |
| 2:49 | Crear | Villager (Male) |
| 3:10 | Crear | Villager (Male) |
| 3:10 | Crear | Villager (Male) |
| 3:38 | Investigar | Loom |
| 3:58 | Crear | Villager (Male) |
| 3:59 | Crear | Villager (Male) |
| 4:00 | Crear | Villager (Male) |
| 4:27 | Crear | Villager (Male) |
| 4:35 | Construir | House |
| 4:36 | Construir | House |
| 4:50 | Construir | Dock |
| 5:14 | Crear | Villager (Male) |
| 5:30 | Crear | Villager (Male) |
| 5:44 | Crear | Fishing Ship |
| 5:51 | Construir | Palisade Wall |
| 5:52 | Construir | Palisade Wall |
| 5:58 | Crear | Villager (Male) |
| 6:18 | Construir | Building 800 |
| 6:21 | Crear | Villager (Male) |
| 6:48 | Construir | Mill |
| 6:50 | Crear | Villager (Male) |
| 6:53 | Crear | Fishing Ship |
| 7:05 | Crear | Villager (Male) |
| 7:21 | Construir | House |
| 7:50 | Crear | Fishing Ship |
| 7:58 | Crear | Fishing Ship |
| 8:04 | Crear | Villager (Male) |
| 8:25 | Crear | Villager (Male) |
| 8:27 | Crear | Fishing Ship |
| 8:36 | Construir | House |
| 8:40 | Construir | House |
| 8:49 | Crear | Villager (Male) |
| 8:52 | Crear | Villager (Male) |
| 9:17 | Crear | Villager (Male) |
| 9:29 | Crear | Fishing Ship |
| 9:31 | Crear | Villager (Male) |
| 10:15 | Crear | Villager (Male) |
| 10:45 | Crear | Villager (Male) |
| 10:58 | Construir | Farm |
| 11:01 | Construir | Farm |
| 11:02 | Construir | Farm |
| 11:07 | Investigar | Feudal Age |
| 11:11 | Construir | Farm |
| 11:13 | Construir | Farm |
| 11:16 | Construir | Farm |
| 11:19 | Crear | Villager (Male) |
| 12:13 | Crear | Fishing Ship |
| 12:37 | Construir | Mining Camp |
| 12:44 | Crear | Villager (Male) |
| 13:01 | Construir | Dock |
| 13:17 | Edad | Edad Feudal |
| 13:22 | Crear | Unit 2626 |
| 13:22 | Crear | Unit 2626 |
| 13:40 | Crear | Villager (Male) |
| 13:45 | Construir | Farm |
| 13:48 | Crear | Villager (Male) |
| 13:55 | Crear | Unit 2626 |
| 14:14 | Construir | House |
| 14:17 | Construir | Farm |
| 14:21 | Construir | House |
| 14:25 | Construir | Dock |
| 14:55 | Construir | Palisade Gate |
| 14:57 | Construir | Palisade Wall |
| 14:59 | Construir | Palisade Wall |
| 15:05 | Crear | Unit 2626 |
| 15:13 | Crear | Trade Cog |
| 15:19 | Construir | Farm |
| 15:21 | Crear | Villager (Male) |
| 15:26 | Investigar | Gold Mining |
| 15:29 | Construir | Market |
| 15:31 | Construir | Blacksmith |
| 15:45 | Investigar | Horse Collar |
| 16:18 | Construir | Farm |
| 16:25 | Construir | House |
| 16:26 | Construir | House |
| 16:27 | Construir | House |
| 16:28 | Construir | House |
| 16:35 | Investigar | Castle Age |
| 17:24 | Investigar | Stone Mining |
| 17:27 | Investigar | Double-Bit Axe |
| 17:51 | Construir | House |
| 17:53 | Construir | House |
| 17:55 | Construir | House |
| 17:57 | Construir | House |
| 17:58 | Construir | House |
| 17:59 | Construir | House |
| 18:00 | Construir | House |
| 18:44 | Construir | Farm |
| 19:15 | Edad | Edad de los Castillos |
| 19:19 | Construir | Town Center |
| 19:36 | Construir | Town Center |
| 19:38 | Crear | Villager (Male) |
| 19:38 | Crear | Villager (Male) |
| 19:39 | Crear | Villager (Male) |
| 19:40 | Crear | Villager (Male) |
| 19:48 | Investigar | Bow Saw |
| 20:04 | Construir | House |
| 20:05 | Construir | House |
| 20:14 | Construir | House |
| 20:16 | Construir | House |
| 20:18 | Construir | House |
| 20:20 | Construir | House |
| 20:26 | Crear | Villager (Male) |
| 20:26 | Crear | Villager (Male) |
| 20:27 | Crear | Villager (Male) |
| 20:27 | Crear | Villager (Male) |
| 20:34 | Investigar | Heavy Plow |
| 20:46 | Crear | Villager (Male) |
| 20:47 | Crear | Villager (Male) |
| 20:55 | Construir | Farm |
| 20:56 | Construir | Farm |
| 21:15 | Construir | Farm |
| 21:18 | Construir | Farm |
| 21:20 | Construir | Farm |
| 21:23 | Construir | Farm |
| 21:25 | Crear | Villager (Male) |
| 21:26 | Crear | Villager (Male) |
| 21:32 | Construir | Farm |
| 21:42 | Crear | Villager (Male) |
| 21:45 | Construir | Farm |
| 21:50 | Construir | Farm |
| 21:57 | Crear | Villager (Male) |
| 21:58 | Crear | Villager (Male) |
| 22:15 | Crear | Villager (Male) |
| 22:15 | Crear | Villager (Male) |
| 22:16 | Crear | Villager (Male) |
| 22:21 | Construir | Farm |
| 22:22 | Construir | Farm |
| 22:31 | Crear | Villager (Male) |
| 22:31 | Crear | Villager (Male) |
| 22:42 | Construir | Farm |
| 22:44 | Construir | Farm |
| 22:47 | Crear | Villager (Male) |
| 22:56 | Construir | Building 487 |
| 22:58 | Construir | Stone Wall |
| 23:11 | Construir | Farm |
| 23:12 | Crear | Villager (Male) |
Build order — marsupoil3232
Primeras 150 de 1193 acciones detectadas
| 0:01 | Crear | Villager (Male) |
| 0:01 | Crear | Villager (Male) |
| 0:01 | Crear | Villager (Male) |
| 0:01 | Crear | Villager (Male) |
| 0:02 | Crear | Villager (Male) |
| 0:03 | Construir | House |
| 0:05 | Construir | House |
| 1:02 | Crear | Villager (Male) |
| 1:03 | Crear | Villager (Male) |
| 1:30 | Crear | Villager (Male) |
| 1:30 | Crear | Villager (Male) |
| 2:06 | Crear | Villager (Male) |
| 2:06 | Crear | Villager (Male) |
| 2:12 | Crear | Villager (Male) |
| 2:13 | Crear | Villager (Male) |
| 2:38 | Construir | Lumber Camp |
| 2:44 | Crear | Villager (Male) |
| 2:44 | Crear | Villager (Male) |
| 2:54 | Crear | Villager (Male) |
| 2:55 | Crear | Villager (Male) |
| 3:29 | Crear | Villager (Male) |
| 3:29 | Crear | Villager (Male) |
| 3:35 | Construir | House |
| 3:37 | Construir | House |
| 3:39 | Crear | Villager (Male) |
| 3:40 | Crear | Villager (Male) |
| 4:11 | Crear | Villager (Male) |
| 4:11 | Crear | Villager (Male) |
| 4:13 | Construir | House |
| 4:17 | Crear | Villager (Male) |
| 4:18 | Crear | Villager (Male) |
| 4:59 | Crear | Villager (Male) |
| 5:00 | Crear | Villager (Male) |
| 5:10 | Crear | Villager (Male) |
| 5:10 | Crear | Villager (Male) |
| 5:28 | Crear | Villager (Male) |
| 5:28 | Crear | Villager (Male) |
| 5:46 | Construir | Mill |
| 6:20 | Crear | Villager (Male) |
| 6:20 | Crear | Villager (Male) |
| 6:21 | Crear | Villager (Male) |
| 6:56 | Crear | Villager (Male) |
| 6:56 | Crear | Villager (Male) |
| 6:57 | Crear | Villager (Male) |
| 8:25 | Construir | Mining Camp |
| 9:07 | Investigar | Feudal Age |
| 9:42 | Crear | Villager (Male) |
| 9:42 | Crear | Villager (Male) |
| 9:42 | Crear | Villager (Male) |
| 10:28 | Construir | Barracks |
| 10:47 | Crear | Villager (Male) |
| 11:21 | Edad | Edad Feudal |
| 11:28 | Construir | Blacksmith |
| 11:40 | Construir | Market |
| 11:54 | Construir | Palisade Wall |
| 12:00 | Construir | Building 800 |
| 12:40 | Investigar | Loom |
| 13:15 | Construir | Palisade Wall |
| 13:29 | Investigar | Castle Age |
| 13:42 | Construir | Mining Camp |
| 14:07 | Construir | Palisade Wall |
| 14:37 | Investigar | Double-Bit Axe |
| 15:01 | Construir | Farm |
| 15:32 | Construir | Palisade Wall |
| 16:05 | Construir | House |
| 16:07 | Construir | House |
| 16:08 | Construir | House |
| 16:09 | Edad | Edad de los Castillos |
| 16:12 | Construir | House |
| 16:21 | Investigar | Wheelbarrow |
| 16:21 | Investigar | Wheelbarrow |
| 16:29 | Construir | Town Center |
| 16:39 | Construir | Town Center |
| 16:56 | Construir | Farm |
| 17:14 | Construir | Stone Wall |
| 17:23 | Construir | Stone Wall |
| 17:46 | Crear | Villager (Male) |
| 17:46 | Crear | Villager (Male) |
| 17:47 | Crear | Villager (Male) |
| 17:54 | Construir | Farm |
| 17:55 | Construir | Farm |
| 17:56 | Construir | Farm |
| 17:57 | Construir | Farm |
| 17:58 | Construir | Farm |
| 18:13 | Construir | Stone Wall |
| 18:19 | Construir | Building 487 |
| 18:43 | Construir | Farm |
| 18:46 | Construir | Farm |
| 18:49 | Construir | Farm |
| 18:58 | Construir | Farm |
| 18:59 | Crear | Villager (Male) |
| 18:59 | Crear | Villager (Male) |
| 19:09 | Crear | Villager (Male) |
| 19:09 | Crear | Villager (Male) |
| 19:18 | Construir | Farm |
| 19:28 | Construir | Farm |
| 19:31 | Construir | Farm |
| 19:34 | Crear | Villager (Male) |
| 19:34 | Crear | Villager (Male) |
| 19:37 | Construir | Farm |
| 19:38 | Crear | Villager (Male) |
| 19:39 | Crear | Villager (Male) |
| 19:45 | Crear | Villager (Male) |
| 19:45 | Crear | Villager (Male) |
| 19:49 | Crear | Villager (Male) |
| 19:50 | Crear | Villager (Male) |
| 20:12 | Construir | Farm |
| 20:14 | Construir | Farm |
| 20:15 | Construir | Farm |
| 20:18 | Crear | Villager (Male) |
| 20:18 | Crear | Villager (Male) |
| 20:18 | Crear | Villager (Male) |
| 20:19 | Crear | Villager (Male) |
| 20:20 | Crear | Villager (Male) |
| 20:23 | Construir | Farm |
| 20:34 | Construir | Building 487 |
| 20:44 | Construir | Farm |
| 20:47 | Crear | Villager (Male) |
| 20:47 | Crear | Villager (Male) |
| 20:47 | Crear | Villager (Male) |
| 20:48 | Crear | Villager (Male) |
| 20:49 | Crear | Villager (Male) |
| 20:49 | Crear | Villager (Male) |
| 20:54 | Construir | Farm |
| 20:55 | Construir | Farm |
| 21:06 | Construir | Palisade Wall |
| 21:10 | Crear | Villager (Male) |
| 21:10 | Crear | Villager (Male) |
| 21:10 | Crear | Villager (Male) |
| 21:17 | Crear | Villager (Male) |
| 21:17 | Crear | Villager (Male) |
| 21:24 | Construir | House |
| 21:25 | Construir | House |
| 21:32 | Construir | Farm |
| 21:33 | Crear | Villager (Male) |
| 21:34 | Crear | Villager (Male) |
| 21:34 | Crear | Villager (Male) |
| 21:34 | Crear | Villager (Male) |
| 21:35 | Crear | Villager (Male) |
| 21:42 | Crear | Villager (Male) |
| 21:42 | Crear | Villager (Male) |
| 21:46 | Crear | Villager (Male) |
| 21:49 | Construir | Farm |
| 22:13 | Crear | Villager (Male) |
| 22:13 | Crear | Villager (Male) |
| 22:13 | Crear | Villager (Male) |
| 22:16 | Construir | Farm |
| 22:17 | Investigar | Horse Collar |
| 22:32 | Construir | House |
| 22:33 | Construir | House |
Cronología de la partida
| 1:19 | lovestosplooge · first_building Dock |
| 4:50 | Inmortal97 · first_building Dock |
| 5:51 | Inmortal97 · wall_segment Palisade Wall x7 |
| 5:52 | Inmortal97 · wall_segment Palisade Wall x3 |
| 7:36 | Bart Harley Jarvis · wall_segment Palisade Wall x4 |
| 7:39 | Bart Harley Jarvis · wall_segment Palisade Wall x4 |
| 8:19 | Bart Harley Jarvis · first_building Dock |
| 8:50 | Bart Harley Jarvis · wall_segment Palisade Wall x1 |
| 8:53 | Bart Harley Jarvis · wall_segment Palisade Wall x1 |
| 10:28 | marsupoil3232 · first_building Barracks |
| 11:21 | marsupoil3232 · age_up feudal |
| 11:54 | marsupoil3232 · wall_segment Palisade Wall x6 |
| 12:59 | Bart Harley Jarvis · age_up feudal |
| 13:15 | marsupoil3232 · wall_segment Palisade Wall x11 |
| 13:17 | Inmortal97 · age_up feudal |
| 13:30 | lovestosplooge · first_building Barracks |
| 13:37 | lovestosplooge · age_up feudal |
| 14:07 | marsupoil3232 · wall_segment Palisade Wall x6 |
| 14:57 | Inmortal97 · wall_segment Palisade Wall x2 |
| 14:59 | Inmortal97 · wall_segment Palisade Wall x1 |
| 15:32 | marsupoil3232 · wall_segment Palisade Wall x7 |
| 16:09 | marsupoil3232 · age_up castle |
| 17:14 | marsupoil3232 · wall_segment Stone Wall x2 |
| 17:23 | marsupoil3232 · wall_segment Stone Wall x8 |
| 18:13 | marsupoil3232 · wall_segment Stone Wall x8 |
| 18:57 | lovestosplooge · first_building Stable |
| 19:15 | Inmortal97 · age_up castle |
| 19:29 | Inmortal97 · first_market_buy 100 wood |
| 19:30 | lovestosplooge · age_up castle |
| 19:31 | Bart Harley Jarvis · wall_segment Stone Wall x1 |
| 19:33 | Bart Harley Jarvis · wall_segment Stone Wall x1 |
| 19:50 | lovestosplooge · first_building Monastery |
| 19:55 | Bart Harley Jarvis · wall_segment Stone Wall x4 |
| 21:06 | marsupoil3232 · wall_segment Palisade Wall x18 |
| 21:35 | Bart Harley Jarvis · wall_segment Stone Wall x1 |
| 21:42 | Bart Harley Jarvis · wall_segment Stone Wall x1 |
| 22:56 | lovestosplooge · first_building Castle |
| 22:58 | Inmortal97 · wall_segment Stone Wall x3 |
| 23:24 | Inmortal97 · first_building Barracks |
| 23:27 | Bart Harley Jarvis · first_building Barracks |
| 23:37 | marsupoil3232 · wall_segment Palisade Wall x7 |
| 24:00 | Bart Harley Jarvis · first_building Archery Range |
| 24:01 | Inmortal97 · first_building Stable |
| 24:02 | Bart Harley Jarvis · age_up castle |
| 24:15 | marsupoil3232 · first_market_sell 100 wood |
| 24:16 | marsupoil3232 · first_market_buy 100 stone |
| 24:21 | marsupoil3232 · first_building Castle |
| 26:07 | Inmortal97 · first_building Castle |
| 26:20 | lovestosplooge · first_building Siege Workshop |
| 28:07 | Inmortal97 · wall_segment Stone Wall x6 |
| 28:35 | Bart Harley Jarvis · first_building Stable |
| 29:31 | Inmortal97 · wall_segment Stone Wall x15 |
| 32:12 | marsupoil3232 · age_up imperial |
| 32:43 | lovestosplooge · wall_segment Stone Wall x2 |
| 33:19 | lovestosplooge · first_market_buy 100 stone |
| 34:10 | lovestosplooge · wall_segment Stone Wall x3 |
| 34:22 | Bart Harley Jarvis · first_building Siege Workshop |
| 34:31 | Bart Harley Jarvis · first_building Monastery |
| 35:14 | lovestosplooge · age_up imperial |
| 35:18 | Inmortal97 · age_up imperial |
| 37:05 | Inmortal97 · first_building Siege Workshop |
| 38:07 | Bart Harley Jarvis · age_up imperial |
| 39:02 | Bart Harley Jarvis · first_market_sell 100 wood |
| 42:36 | Inmortal97 · first_building Archery Range |
| 45:08 | Inmortal97 · first_market_sell 500 stone |
| 46:23 | Bart Harley Jarvis · first_market_buy 500 stone |
| 46:26 | Bart Harley Jarvis · first_building Castle |
| 51:50 | Bart Harley Jarvis · wall_segment Stone Wall x4 |
| 51:52 | Bart Harley Jarvis · wall_segment Stone Wall x1 |
| 52:36 | marsupoil3232 · first_building Stable |
| 54:23 | Bart Harley Jarvis · wall_segment Stone Wall x4 |
| 57:47 | marsupoil3232 · wall_segment Stone Wall x15 |
| 58:30 | Bart Harley Jarvis · wall_segment Stone Wall x4 |
| 60:14 | Bart Harley Jarvis · wall_segment Stone Wall x8 |
| 66:31 | Inmortal97 · wall_segment Stone Wall x14 |
| 66:49 | lovestosplooge · first_building Archery Range |
| 67:16 | Inmortal97 · first_building Monastery |
| 73:11 | Bart Harley Jarvis · wall_segment Stone Wall x1 |
| 74:00 | Bart Harley Jarvis · wall_segment Stone Wall x4 |
| 74:26 | lovestosplooge · tribute_sent a jugador 1 |
| 74:26 | lovestosplooge · tribute_sent a jugador 2 |
| 74:26 | lovestosplooge · tribute_sent a jugador 4 |
| 76:07 | lovestosplooge · tribute_sent a jugador 1 |
| 76:07 | lovestosplooge · tribute_sent a jugador 2 |
| 76:07 | lovestosplooge · tribute_sent a jugador 4 |
| 76:40 | marsupoil3232 · resign |
[ ANÁLISIS IA · 1 CRÉDITO ]
¿Qué pasó realmente en esta partida?
Wolo.gg analiza cada decisión: build order, eco, micro, errores típicos por bracket. Análisis personalizado por WhatsApp o Discord en 30 segundos.
Guía civ
Españoles
Guía mapa
Highland
Perfil
lovestosplooge